 Dungeon Crawl Stone Soup version 0.24.0-123-gd5b16e6ec5 (webtiles) character file.

Game seed: 4420348885010693603, levelgen mode: deterministic

165 FishyPogo the Firebug (level 5, 0/31 HPs)
             Began as a Demonspawn Fire Elementalist on Jan 12, 2020.
             Was a Plaything of Xom.
             Slain by a gnoll
             ... wielding a +0 flail
              (11 damage)
             ... on level 3 of the Dungeon.
             The game lasted 00:08:30 (3164 turns).

FishyPogo the Firebug (DsFE)                        Turns: 3164, Time: 00:08:31

Health: 0/31       AC:  3    Str:  9    XL:     5   Next: 21%
Magic:  0/7        EV: 12    Int: 17    God:    Xom [*.....]
Gold:   150        SH:  0    Dex: 13    Spells: 5/8 levels left

rFire    . . .     SeeInvis .   q - staff of earth
rCold    . . .     Gourm    .   (no shield)
rNeg     . . .     Faith    .   j - +0 robe
rPois    .         Spirit   .   (helmet restricted)
rElec    .         Reflect  .   (no cloak)
rCorr    .         Harm     .   d - +0 pair of gloves
MR       .....     Rnd*Rage +   (no boots)
Stlth    +++.......             (no amulet)
HPRegen  0.10/turn              (no ring)
MPRegen  0.10/turn              (no ring)

@: very slightly contaminated
A: claws 1, horns 2, berserk 1, frail 1, low mp 1, nightstalker 1
a: Renounce Religion


You were on level 3 of the Dungeon.
You worshipped Xom.
You were a special plaything of Xom.
You were not hungry.

You visited 1 branch of the dungeon, and saw 4 of its levels.

You collected 150 gold pieces.

Inventory:

Hand Weapons
 a - a +0 short sword
Missiles
 h - 131 stones (quivered)
Armour
 d - a +0 pair of gloves (worn)
 i - a cursed +0 ring mail
 j - a +0 robe (worn)
Magical Staves
 q - an uncursed staff of earth (weapon)
Scrolls
 e - a scroll of random uselessness {unknown}
 f - a scroll of fog {unknown}
 g - 3 scrolls of teleportation {unknown}
 m - a scroll of enchant weapon {unknown}
 n - 4 scrolls of identify {unknown}
Potions
 k - 3 potions of berserk rage {unknown}
 l - 4 potions of curing
 o - 2 potions of degeneration {unknown}
 p - a potion of agility {unknown}
 r - a potion of haste {unknown}
 s - a potion of lignification {unknown}
Comestibles
 b - a chunk of flesh
 c - 7 rations


   Skills:
 + Level 1.9 Armour
 - Level 2.0 Dodging
 + Level 2.9 Stealth
 + Level 2.0 Spellcasting
 + Level 1.0 Conjurations
 * Level 4.2 Fire Magic


You had 5 spell levels left.
You knew the following spells:

 Your Spells              Type           Power        Failure   Level  Hunger
a - Flame Tongue          Conj/Fire      ##...        6%          1    #......
b - Throw Flame           Conj/Fire      ##....       10%         2    ###....

Your spell library contained the following spells:

 Spells                   Type           Power        Failure   Level  Hunger
 Conjure Flame            Conj/Fire      ##......     19%         3    ###....
 Inner Flame              Hex/Fire       #.......     24%         3    ###....
 Sticky Flame             Conj/Fire      ##......     54%         4    #####..
 Fireball                 Conj/Fire      ##........   87%         5    ######.


Dungeon Overview and Level Annotations

Branches:
Dungeon (4/15)
 Temple: D:4-7

Altars:
Dithmenos
Nemelex Xobeh
Xom

Annotations:
D:4 Eustachio


Innate Abilities, Weirdness & Mutations

You have sharp fingernails.
You have a pair of horns on your head.
You are slightly more attuned to the shadows.
You tend to lose your temper in combat.
You are frail. (-10% HP)
Your magical capacity is low. (-10% MP)


Message History

Casting: Flame Tongue (safe; 6% risk of failure)
Confirm with . or Enter, or press ? or * to list all spells.
Aiming: Flame Tongue (safe; 6% risk of failure)
Press: ? - help, Shift-Dir - straight line, f/p - gnoll
Aim: a gnoll, wielding a +0 flail (heavily wounded)
You miscast Flame Tongue.
You are very lightly contaminated with residual magic.
Nothing appears to happen.
There is a stone staircase leading up here.
Casting: Flame Tongue (safe; 6% risk of failure)
Confirm with . or Enter, or press ? or * to list all spells.
Aiming: Flame Tongue (safe; 6% risk of failure)
Press: ? - help, Shift-Dir - straight line, f/p - gnoll
Aim: a gnoll, wielding a +0 flail (heavily wounded)
The flame tongue misses the gnoll.
The gnoll closely misses you.
You hit the gnoll.
The gnoll is severely wounded.
The gnoll hits you with a +0 flail!
You die... "I guess I need a new plaything now."

..........#........#....# #.##
..............##...#....######.##
...................+.............
..........#######..#....####.#<##
###'#####.# #..+.....###'####
#.......#.# #(.#.....#.......
'.......+.# #........#.......
#.......#########...##.#.#.......
#.......<......g@))....#.#.......
..##.#...#####.....#.###.###'####
..##.#...# #.....#..##.###.####
..##.#...########..............##
..'..........................#.##
..##.#...#########...........#.##
.........)...#####.#...........##
..##............##.......###.#.##
..##.......................#.#.##


You could see a gnoll.

Vanquished Creatures
  A scorpion (D:3)
  2 adders (D:3)
  2 gnolls
  2 oozes (D:1)
  2 worms
  2 dart slugs
  2 leopard geckos
  An orc (D:2)
  4 giant cockroaches
  9 hobgoblins
  2 kobolds (D:2)
  A quokka (D:2)
  A ball python (D:3)
  9 bats
  2 frilled lizards
  13 goblins
  2 rats (D:2)
57 creatures vanquished.

Notes
Turn   | Place    | Note
-------+----------+-------------------------------------------
     0 | D:1      | FishyPogo the Demonspawn Fire Elementalist began the quest
                  | for the Orb.
     0 | D:1      | Reached XP level 1. HP: 13/13 MP: 3/3
   145 | D:1      | Found a shimmering altar of Xom.
   158 | D:1      | Became a worshipper of Xom of Chaos
   338 | D:1      | XOM: harmless Pois miscast
   339 | D:1      | XOM: silly message
   388 | D:1      | XOM: divination: detect items
   405 | D:1      | Reached skill level 3 in Fire Magic
   405 | D:1      | Gained mutation: You are slightly more attuned to the
                  | shadows. [demonic ancestry]
   405 | D:1      | Reached XP level 2. HP: 19/19 MP: 1/5
   409 | D:1      | Learned a level 2 spell: Throw Flame
   954 | D:1      | XOM: harmless Conj miscast
  1321 | D:2      | Gained mutation: You have sharp fingernails. [demonic
                  | ancestry]
  1321 | D:2      | Reached XP level 3. HP: 24/24 MP: 4/6
  1449 | D:2      | Reached skill level 1 in Armour
  1624 | D:2      | Found a shadowy altar of Dithmenos.
  2107 | D:3      | XOM is BORED!
  2107 | D:3      | XOM: medium Tmut miscast
  2107 | D:3      | Gained mutation: Your magical capacity is low. (-10% MP)
                  | [mutagenic glow]
  2130 | D:3      | Gained mutation: You are frail. (-10% HP) [mutagenic glow]
  2147 | D:3      | XOM: divination: detect creatures
  2167 | D:3      | Gained mutation: You tend to lose your temper in combat.
                  | [mutagenic glow]
  2168 | D:3      | Gained mutation: You have a pair of small horns on your
                  | head. [demonic ancestry]
  2168 | D:3      | Reached XP level 4. HP: 27/27 MP: 0/6
  2490 | D:3      | XOM: divination: magic mapping
  2593 | D:3      | Reached skill level 4 in Fire Magic
  2593 | D:3      | Gained mutation: You have a pair of horns on your head.
                  | [demonic ancestry]
  2593 | D:3      | Reached XP level 5. HP: 21/31 MP: 0/7
  2655 | D:3      | XOM: harmless Air miscast
  2658 | D:3      | XOM: noise
  2971 | D:3      | Found a sparkling altar of Nemelex Xobeh.
  3077 | D:4      | XOM: stealth player
  3077 | D:4      | Noticed an ogre
  3115 | D:4      | Noticed Eustachio
  3145 | D:3      | XOM: noise
  3149 | D:3      | XOM: mild Erth miscast
  3164 | D:3      | Slain by a gnoll

Levels and vault maps discovered:
D:1:      co_arrival_random_square_maze, layout_loops_corners, xom_teletrap_fun
D:2:      layout_basic, grunt_dithmenos_smoke, first_ration, nrook_uturn
D:3:      layout_basic, overflow_temple_1_default, chequers_hall_statues_y
D:4:      layout_loops_ring, kennysheep_little_box, uniq_edmund, uniq_eustachio,
          uniq_natasha, uniq_robin

Skill      XL: |  1  2  3  4 |
---------------+-------------+-----
Dodging        | 2 |  2.0
Stealth        | 2 |  2.9
Fire Magic     | 3 4 |  4.2
Armour         | 1 |  1.9
Spellcasting   | |  2.0
Conjurations   | |  1.0

Action                   |  1- 3 |  4- 6 || total
-------------------------+-------+-------++-------
Melee: Club              |     2 |       ||     2
       Short sword       |     6 |       ||     6
       Staff             |       |    17 ||    17
       Headbutt          |       |     1 ||     1
 Cast: Flame Tongue      |    43 |    41 ||    84
       Throw Flame       |    19 |    10 ||    29
  Eat: Chunk             |     6 |     4 ||    10
Armor: Robe              |     6 |    11 ||    17
Dodge: Dodged            |    11 |    18 ||    29
